 Dungeon Crawl Stone Soup version 0.20-a0-854-g0cc194a (webtiles) character file.

29 Alarkh the Insei (level 3, 26/26 HPs)
             Began as a Demonspawn Transmuter on Mar 11, 2017.
             Got out of the dungeon alive.
             The game lasted 00:01:08 (1292 turns).

Alarkh the Insei (Demonspawn Transmuter)            Turns: 1292, Time: 00:01:09

Health: 26/26      AC:  2    Str: 10    XL:     3   Next: 1%
Magic:  6/6        EV: 12    Int: 15    God:
Gold:   53         SH:  0    Dex: 13    Spells: 5/6 levels left

rFire    . . .     SeeInvis .     - Unarmed
rCold    . . .     Gourm    .   b - +0 robe
rNeg     . . .     Faith    .   (no shield)
rPois    .         Spirit   .   (no helmet)
rElec    .         Reflect  .   (no cloak)
rCorr    .         Harm     .   (no gloves)
MR       .....                  (no boots)
Stlth    +.........             (no amulet)
Regen    0.1/turn               (no ring)
MPRegen  0.1/turn               (no ring)

@: no status effects
A: powered by pain 1, spiny 1
a: no special abilities


You escaped.
You were not hungry.

You visited 1 branch of the dungeon, and saw 1 of its levels.

You collected 53 gold pieces.

Inventory:

Missiles
 a - 12 arrows
Armour
 b - a +0 robe (worn)
Jewellery
 i - an uncursed ring of stealth {unknown}
Scrolls
 e - a scroll of enchant armour {unknown}
 f - a scroll of remove curse {unknown}
 h - a scroll of blinking {unknown}
 j - a scroll of identify {unknown}
Books
 c - a book of Changes

   Spells                             Type                      Level
   a - Beastly Appendage              Transmutation                1
   b - Sticks to Snakes               Transmutation                2
   c - Spider Form                    Transmutation/Poison         3
   d - Ice Form                       Ice/Transmutation            4
   e - Blade Hands                    Transmutation                5
Comestibles
 d - 2 bread rations
 g - 4 chunks of flesh


   Skills:
 + Level 1.6 Fighting
 + Level 2.3 Dodging
 * Level 3.1 Unarmed Combat
 - Level 2.0 Spellcasting
 - Level 1.7 Transmutations


You had 5 spell levels left.
You knew the following spells:

 Your Spells              Type           Power        Failure   Level  Hunger
a - Beastly Appendage     Tmut           #.....       12%         1    #......


Dungeon Overview and Level Annotations

Branches:
Dungeon (1/15)

Altars:


Innate Abilities, Weirdness & Mutations

You sometimes gain a little power by taking damage.
You are partially covered in sharp spines.


Message History

No target in view!
No target in view!
No target in view!
No target in view!
No target in view!
No target in view!
No target in view!
No target in view!
Your horns disappear.
g - 4 chunks of flesh (gained 1)
You see here a frilled lizard skeleton. x2
You now have 53 gold pieces (gained 9).
Found a robe.
d - 2 bread rations (gained 1)
j - a scroll labeled AHYIDGHYANU
There is an open door here.
There is a stone staircase leading down here.
There is a staircase leading out of the dungeon here.
Are you sure you want to leave the Dungeon?
This will make you lose the game!
You have escaped!

.# ###..........###..## .#
##.......####.......## .#
#..≈≈≈§§§.##...≈≈≈≈..# .#
#.≈≈≈≈§≈§.....≈≈≈≈≈≈.# # .#
#.§≈≈§≈§§.....≈≈≈≈≈≈.# .. .#
#.≈§≈≈≈≈......≈≈≈≈≈≈.# # .#
#..≈≈≈≈..####..≈≈≈≈..# #.##
.######.(.....#+#.'#......###
..
..............#.@>.#...####
#..##
############..#+#.+#..##
#..#. # #....#####...####...#
#.... # #.##)..)...#......#.#
#.#.. #
#.###########.#####.####
#.... # #.###
#..........######.. # #...#
####.......... +.. #...#
#........# #.. #...#
#........# ###


There were no monsters in sight!

Vanquished Creatures
  2 dart slugs (D:1)
  A giant cockroach (D:1)
  6 goblins (D:1)
  7 hobgoblins (D:1)
  A frilled lizard (D:1)
  A kobold (D:1)
  3 rats (D:1)
21 creatures vanquished.

Vanquished Creatures (others)
  A hobgoblin (D:1)
1 creature vanquished.

Grand Total: 22 creatures vanquished

Notes
Turn   | Place    | Note
-------+----------+-------------------------------------------
     0 | D:1      | Alarkh the Demonspawn Transmuter began the quest for the Orb.
     0 | D:1      | Reached XP level 1. HP: 15/15 MP: 3/3
   385 | D:1      | Gained mutation: You sometimes gain a little power by taking damage. [demonic ancestry]
   385 | D:1      | Reached XP level 2. HP: 21/21 MP: 3/5
   394 | D:1      | Reached skill level 3 in Unarmed Combat
  1236 | D:1      | Gained mutation: You are partially covered in sharp spines. [demonic ancestry]
  1236 | D:1      | Reached XP level 3. HP: 26/26 MP: 4/6
  1292 | D:$      | Got out of the dungeon alive.

Vault maps used:
D:1:      dpeg_arrival_pits, grunt_decor_cap, minmay_tall_x

Skill      XL: |  1  2 |
---------------+-------+-----
Dodging        | 2 |  2.3
Unarmed Combat | 3 |  3.1
Fighting       | |  1.6
Spellcasting   | |  2.0
Transmutations | |  1.7

Action                   || total
-------------------------++-------
Melee: Unarmed           ||    69
       Headbutt          ||     2
       Kick              ||     2
 Cast: Beastly Appendage ||    12
  Use: Potion            ||     1
 Stab: Invisible         ||     2
       Sleeping          ||     1
  Eat: Chunk             ||     1
Armor: Robe              ||     6
Dodge: Dodged            ||    38
